Map: Dusk Towers

Players

janusfittnes

  • Race: Zerg Zerg
  • League: Gold

capac - Winner!

  • Race: Terran Terran
  • League: Gold

VOD

Have the link to the VOD?

Description

Time

  • Played on: May 8, 2016, 12:08 p.m.
  • Length: 9:17
Show
View Real Time Build Order
Export as new Build Order

janusfittnes Zerg 

Build Orders: Hatch First, Roach Nydus 

Get SALT Encoding   

  12  0:04  Drone  
  13  0:13  Overlord  
  13  0:17  Drone  
  14  0:32  Drone x2  
  16  0:38  Drone  
  17  0:58  Drone  
  17  0:59  Hatchery, Extractor  
  17  1:02  Drone  
  17  1:16  Spawning Pool  
  16  1:19  Drone  
  17  1:26  Overlord  
  17  1:32  Drone  
  18  1:45  Drone  
  19  1:56  Drone  
  20  2:03  Queen  
  20  2:06  Zergling x2  
  20  2:08  Metabolic Boost  
  23  2:13  Queen  
  23  2:15  Drone  
  26  2:19  Drone  
  27  2:25  Drone x2  
  29  2:39  Roach Warren  
  29  2:40  Zergling x2  
  29  2:44  Drone  
  29  2:50  Extractor  
  27  2:52  Drone x2  
  27  2:56  Drone x2  
  31  3:06  Lair  
  31  3:11  Overlord  
  31  3:14  Drone  
  32  3:20  Drone x2  
  34  3:27  Drone x2  
  34  3:30  Overlord  
  34  3:33  Drone  
  37  3:35  Drone  
  37  3:39  Drone  
  39  3:41  Drone  
  40  3:48  Overlord, Extractor  
  40  3:50  Drone  
  40  3:58  Overlord  
  40  3:59  Drone x2  
  40  4:02  Drone  
  43  4:10  Nydus Network  
  43  4:13  Glial Reconstitution  
  43  4:15  Drone  
  43  4:18  Drone  
  43  4:19  Drone  
  43  4:21  Drone  
  48  4:24  Roach  
  48  4:27  Roach  
  48  4:29  Roach  
  52  4:48  Hatchery  
  52  4:52  Roach x2  
  55  4:53  Roach x2  
  55  4:55  Roach  
  55  4:57  Overlord  
  61  5:04  Overlord  
  61  5:05  Roach  
  63  5:09  Queen  
  65  5:16  Drone x2, Spore Crawler  
  66  5:22  Roach  
  66  5:23  Roach  
  66  5:28  Spore Crawler  
  69  5:29  Roach x2  
  73  5:36  Queen  
  73  5:38  Roach  
  73  5:42  Roach x2  
  81  5:44  Roach  
  81  5:48  Overlord  
  83  5:57  Overlord x2  
  83  6:02  Nydus Canal  
  83  6:16  Roach x2  
  85  6:30  Roach x6  
  85  6:31  Roach x2  
  93  6:33  Nydus Canal  
  93  6:35  Zergling x8  
  97  6:42  Zergling x2  
  97  6:43  Zergling x2  
  97  6:44  Queen  
  97  6:46  Drone  
  82  7:14  Zergling x10  
  82  7:15  Zergling x10  
  82  7:20  Nydus Canal  
  80  7:24  Drone x2  
  80  7:25  Queen  
  80  7:29  Queen  
  86  7:30  Zergling x4  
  86  7:31  Queen  
  65  7:51  Roach  
  65  7:52  Roach x5  
  65  7:53  Nydus Canal  
  65  7:55  Zergling x2  
  65  7:58  Zergling x8  
  82  8:01  Zergling x2  
  83  8:12  Nydus Canal  
  83  8:13  Zergling x2  
  83  8:14  Zergling x4  
  86  8:21  Drone  
  86  8:22  Drone x2  
  86  8:25  Pneumatized Carapace  
  89  8:31  Nydus Canal  
  89  8:34  Zergling x4  
  89  8:35  Zergling x2  
  92  8:45  Nydus Canal  
  92  8:50  Zergling x2  
  92  8:51  Zergling x8  
  92  8:53  Zergling x2  
  92  8:54  Overlord x2  
Show
View Real Time Build Order
Export as new Build Order

capac Terran - Winner!

Build Orders: Reaper Expand, MMM Bio 

Get SALT Encoding   

  12  0:00  SCV  
  13  0:13  SCV  
  14  0:18  Supply Depot  
  14  0:25  SCV  
  15  0:40  SCV  
  15  0:41  Barracks  
  16  0:45  Refinery  
  16  0:52  SCV  
  17  1:04  SCV  
  18  1:16  SCV  
  19  1:28  Orbital Command  
  19  1:29  Reaper  
  20  1:42  Command Center  
  20  1:52  Supply Depot  
  20  1:54  SCV  
  21  2:01  Marine  
  21  2:07  SCV  
  23  2:09  Factory  
  23  2:13  Refinery  
  23  2:20  SCV  
  24  2:27  Barracks  
  24  2:29  Barracks Reactor  
  24  2:33  SCV  
  25  2:50  SCV  
  26  2:59  Orbital Command  
  26  3:00  Factory Tech Lab  
  26  3:03  SCV  
  26  3:05  Starport  
  27  3:07  Marine x2  
  29  3:18  SCV  
  30  3:21  Bunker  
  30  3:26  SCV  
  31  3:28  Siege Tank  
  31  3:30  SCV  
  35  3:34  Marine x2  
  35  3:38  Barracks Tech Lab  
  35  3:40  SCV  
  38  3:45  Supply Depot  
  38  3:50  Medivac  
  38  3:53  SCV  
  41  3:56  SCV  
  42  4:06  SCV  
  42  4:08  SCV  
  42  4:09  Refinery  
  44  4:10  Supply Depot  
  44  4:11  Marine x2  
  44  4:13  Marine  
  47  4:18  Stimpack  
  47  4:25  Starport Reactor  
  47  4:26  SCV  
  47  4:27  SCV  
  47  4:30  Refinery  
  49  4:35  Marine x2  
  49  4:36  Marine  
  52  4:48  Supply Depot  
  52  4:53  Siege Tank  
  54  5:00  Barracks  
  54  5:01  Marine  
  54  5:02  Marine x2  
  54  5:05  Medivac x2  
  61  5:09  SCV x2  
  63  5:16  Supply Depot  
  63  5:19  Marine x2  
  63  5:20  Marine  
  63  5:21  SCV x2  
  67  5:25  Supply Depot  
  68  5:33  SCV x2  
  70  5:37  Medivac  
  70  5:38  Medivac  
  74  5:54  Barracks Reactor  
  74  5:57  SCV x2  
  74  5:58  Command Center  
  74  6:00  Supply Depot  
  76  6:05  Barracks  
  76  6:12  Marine x3  
  76  6:30  Marine  
  76  6:31  Viking x2  
  78  6:43  Marine x2  
  78  6:45  Marine x2  
  82  7:01  Combat Shields  
  64  7:11  Marine  
  64  7:12  Marine x5  
  68  7:20  SCV  
  68  7:21  SCV  
  70  7:33  SCV  
  71  7:41  Marine x5  
  71  7:42  Marine  
  69  7:54  SCV x2  
  71  7:58  Siege Tank  
  74  8:06  SCV  
  75  8:13  SCV  
  75  8:18  SCV  
  77  8:25  SCV  
  78  8:30  SCV  
  79  8:36  Siege Tank  
  79  8:37  SCV  
  86  8:41  Supply Depot  
  86  8:42  SCV  
Tags
 
Add a new tag
Caveats
  • Supply blocks, unpowered buildings, or Contaminate may cause inaccurate times.
  • Supply counts are checked every 10 seconds.